 Dungeon Crawl Stone Soup version 0.19.5 (webtiles) character file.

2285 Jerry the Carver (level 9, -3/81 HPs)
             Began as a Minotaur Fighter on Apr 3, 2017.
             Was a Follower of Okawaru.
             Slain by an orc warrior
             ... wielding a +0 trident
              (7 damage)
             ... on level 6 of the Dungeon.
             The game lasted 00:18:19 (6671 turns).

Jerry the Carver (Minotaur Fighter)                 Turns: 6671, Time: 00:18:20

Health: -3/81      AC:  9    Str: 20    XL:     9   Next: 17%
Magic:  8/8        EV: 10    Int: 11    God:    Okawaru [*.....]
Gold:   216        SH:  0    Dex: 12    Spells: 1 memorised, 7 levels left

rFire  x . .     SeeInvis .     z - +8 dagger "Qaclaat" {holy, rPois Int+4}
rCold  + + .     Gourm    .     x - +0 ring mail {rC+}
rNeg   . . .     Faith    .     (no shield)
rPois  +         Spirit   .     k - +2 hat
rElec  .         Reflect  .     (no cloak)
rCorr  .         Harm     .     (no gloves)
MR     .....                    s - +0 pair of boots
Stlth  +.........               (no amulet)
                                v - ring of ice
                                u - ring of flight

@: heavily drained
A: retaliatory headbutt, horns 2
a: Heroism, Renounce Religion, Evoke Flight


You were on level 6 of the Dungeon.
You worshipped Okawaru.
Okawaru was aware of your devotion.
You were near starving.

You visited 2 branches of the dungeon, and saw 7 of its levels.
You also visited: Ossuary.

You collected 385 gold pieces.
You spent 169 gold pieces at shops.

Inventory:

Hand Weapons
 a - a +1 long sword of freezing
 z - the +8 dagger "Qaclaat" (weapon) {holy, rPois Int+4}
   (You found it on level 4 of the Dungeon)

   It has been blessed by the Shining One to cause great damage to the undead
   and demons.
   It affects your intelligence (+4).
   It protects you from poison.
Armour
 b - a +0 scale mail
 c - a +0 shield
 k - a +2 hat (worn)
 s - a +0 pair of boots (worn)
 x - a +0 ring mail of cold resistance (worn)
Jewellery
 u - a ring of flight (left hand)
 v - a ring of ice (right hand)
Wands
 m - a wand of flame (19/48)
 y - a wand of acid (10/15)
Scrolls
 d - 2 scrolls of remove curse
 e - 3 scrolls of identify
 r - 3 scrolls of teleportation
 w - 2 scrolls of recharging
 A - a scroll of enchant armour
 G - a scroll of magic mapping {unknown}
Potions
 g - a potion of heal wounds
 i - a potion of ambrosia {unknown}
 j - a potion of haste
 l - 3 potions of flight
 n - a potion of berserk rage
 o - a potion of curing
 q - a potion of invisibility
 t - 2 potions of lignification
 B - 2 potions of magic {unknown}
 C - 3 potions of mutation {unknown}
 D - a potion of brilliance {unknown}
 E - a potion of resistance {unknown}
Books
 H - a book of Maledictions

   Spells                             Type                      Level
   a - Corona                         Hexes                        1
   b - Ensorcelled Hibernation        Hexes/Ice                    2
   c - Confuse                        Hexes                        3
   d - Tukima's Dance                 Hexes                        3
   e - Dazzling Spray                 Conjuration/Hexes            3
Comestibles
 f - 7 bread rations
 h - a beef jerky
 p - 3 meat rations


   Skills:
 + Level 8.1(6.4) Fighting
 * Level 10.7(8.8) Long Blades
 + Level 7.9(6.2) Armour
 - Level 1.0(0.0) Stealth
 - Level 3.6(2.1) Shields


You had 7 spell levels left.
You knew the following spells:

 Your Spells              Type           Power        Failure   Level  Hunger
a - Summon Butterflies    Summ           #.......     58%         1    ##.....


Dungeon Overview and Level Annotations

Branches:
Dungeon (6/15)             Temple (1/1) D:5

Altars:
Ashenzari
Cheibriados
Elyvilon
Gozag
Kikubaaqudgha
Makhleb
Nemelex Xobeh
Okawaru
Ru
Sif Muna
Trog
Vehumet
Xom
Yredelemnul
Zin
The Shining One

Shops:
D:5 !


Innate Abilities, Weirdness & Mutations

You reflexively headbutt those who attack you in melee.
You have a pair of horns on your head.


Message History

You furiously retaliate!
You headbutt the orc. The orc misses you.
You hit the bullfrog.
The bullfrog is severely wounded.
The bullfrog hits you but does no damage.
The orc warrior misses you. The orc hits you with a short sword.
* * * LOW HITPOINT WARNING * * *
Unknown command.
Unknown command.
The bullfrog barely misses you. You furiously retaliate!
You headbutt the bullfrog!
You kill the bullfrog!
Okawaru accepts your kill. The orc closely misses you. You furiously retaliate!
You headbutt the orc!
You kill the orc!
Okawaru accepts your kill.
You feel like a meek peon again.
There is an escape hatch in the ceiling here.
Magic restored.
The orc hits you but does no damage.
The orc warrior hits you from afar with a trident!
You die...

#..# ###..# ...# ##.#
#..# ### ##.# #.## ####
##.# ###..#### #.#
###.......### ###.##
#...........### ...#.#
#........@....##
...#.###.....(..o.....#
...#..##.......oo.....#
...##.##...........>..#
......##.[...........##
....>....[..........##
...####............##
...# ##..........##
####
##......#############


You could see an orc warrior and 2 orcs.

Vanquished Creatures
  The ghost of LoNine the Cudgeler, a novice GrFi (D:4)
  A phantom (D:6)
  2 centaurs
  A crocodile (D:3)
  2 bullfrogs (D:6)
  An elf zombie (Ossuary)
  An elf skeleton (D:4)
  5 wights (D:6)
  3 howler monkeys
  A bullfrog zombie (D:6)
  A human zombie (D:4)
  3 orc priests
  A bullfrog skeleton (D:6)
  A jelly (D:5)
  2 hounds
  2 centaur skeletons
  Terence (D:1)
  3 iguanas
  7 human skeletons (D:4)
  4 worker ants (D:6)
  5 orc wizards
  A big kobold zombie (Ossuary)
  4 mummies (Ossuary)
  A worker ant zombie (D:5)
  Robin (D:2)
  6 adders
  2 shadow imps (D:6)
  An ooze (D:3)
  2 worms (D:2)
  A dart slug (D:1)
  3 leopard geckos
  30 orcs
  4 giant cockroaches
  10 goblins
  8 hobgoblins
  3 jackals (D:2)
  9 kobolds
  2 quokkas
  5 bats
  6 frilled lizards
  4 gnoll zombies (Ossuary)
  2 goblin zombies (Ossuary)
  A kobold zombie (Ossuary)
  An orc skeleton (D:4)
  3 orc zombies
  6 rats
  A rat zombie (Ossuary)
165 creatures vanquished.

Vanquished Creatures (others)
  An orc wizard (D:5)
1 creature vanquished.

Grand Total: 166 creatures vanquished

Notes
Turn   | Place    | Note
-------+----------+-------------------------------------------
     0 | D:1      | Jerry the Minotaur Fighter began the quest for the Orb.
     0 | D:1      | Reached XP level 1. HP: 19/19 MP: 0/0
    48 | D:1      | Reached skill level 3 in Long Blades
    49 | D:1      | Reached XP level 2. HP: 25/27 MP: 1/1
   758 | D:2      | Noticed Terence
   773 | D:1      | Killed Terence
   773 | D:1      | Reached skill level 1 in Stealth
   773 | D:1      | Reached XP level 3. HP: 22/33 MP: 2/2
   885 | D:2      | Noticed Robin
   893 | D:1      | Reached skill level 4 in Long Blades
   965 | D:2      | Killed Robin
   965 | D:2      | Reached XP level 4. HP: 35/40 MP: 3/3
  1113 | D:2      | Found a shattered altar of Ashenzari.
  1762 | D:3      | Reached XP level 5. HP: 30/47 MP: 4/4
  1903 | D:3      | Noticed a centaur
  1912 | D:3      | Killed a centaur
  1912 | D:3      | Reached skill level 5 in Long Blades
  2510 | D:3      | Reached skill level 5 in Armour
  2717 | D:3      | Noticed a crocodile
  2728 | D:3      | Killed a crocodile
  2728 | D:3      | Reached skill level 5 in Fighting
  2728 | D:3      | Reached XP level 6. HP: 28/56 MP: 5/5
  2916 | D:3      | Reached skill level 6 in Long Blades
  3070 | D:4      | Found a sacrificial altar of Ru.
  3084 | D:4      | Got a faintly glowing dagger
  3095 | D:4      | Noticed LoNine's ghost (novice GrFi)
  3103 | D:4      | Killed LoNine's ghost
  3103 | D:4      | Reached skill level 7 in Long Blades
  3103 | D:4      | Reached XP level 7. HP: 45/62 MP: 6/6
  3182 | D:4      | Found a white marble altar of Elyvilon.
  3428 | D:4      | Reached skill level 8 in Long Blades
  3462 | D:4      | Found a sand-covered staircase.
  3467 | Ossuary  | Entered an ossuary
  3470 | Ossuary  | Identified the +8 dagger "Qaclaat" {holy, rPois Int+4} (You found it on level 4 of the Dungeon)
  3497 | Ossuary  | Reached XP level 8. HP: 37/71 MP: 7/7
  3953 | D:4      | Reached skill level 9 in Long Blades
  4171 | D:5      | Entered Level 5 of the Dungeon
  4217 | D:5      | Found a staircase to the Ecumenical Temple.
  4223 | Temple   | Entered the Ecumenical Temple
  4518 | Temple   | Became a worshipper of Warmaster Okawaru
  4647 | D:5      | Found Jiple's Distillery.
  4650 | D:5      | Bought a potion of haste for 130 gold pieces
  4650 | D:5      | Bought a potion of curing for 39 gold pieces
  4826 | D:5      | Found a deep blue altar of Sif Muna.
  4887 | D:5      | Identified Sif Muna's Volume of the Entourage
  4890 | D:5      | Learned a level 1 spell: Summon Butterflies
  5963 | D:6      | Reached skill level 10 in Long Blades
  6239 | D:6      | Reached * piety under Okawaru
  6250 | D:6      | Reached XP level 9. HP: 70/80 MP: 8/8
  6655 | D:6      | HP: 1/81 [orc/short sword (6)]
  6671 | D:6      | Slain by an orc warrior

Skill      XL: |  1  2  3  4  5  6  7  8  9 |
---------------+----------------------------+-----
Long Blades    | 3 4 5 7 8 10 | 10.7
Stealth        | 1 |  1.0
Fighting       | 4 5 6 7 8 |  8.1
Armour         | 4 5 6 7 |  7.9
Shields        | |  3.6

Action                   |  1- 3 |  4- 6 |  7- 9 || total
-------------------------+-------+-------+-------++-------
Melee: Long sword        |    53 |   131 |    42 ||   226
       Headbutt          |     3 |    16 |    57 ||    76
       Dagger            |       |       |   194 ||   194
Invok: Heroism           |       |       |     1 ||     1
 Abil: Evoke Flight      |       |       |     1 ||     1
Evoke: Wand              |       |     6 |    10 ||    16
  Use: Potion            |       |     1 |     1 ||     2
       Scroll            |       |       |    16 ||    16
  Eat: Chunk             |       |     7 |     9 ||    16
       Fruit             |       |       |     1 ||     1
Armor: Scale mail        |    63 |    43 |       ||   106
       Ring mail         |       |    22 |    93 ||   115
Dodge: Dodged            |    42 |    58 |   129 ||   229
       Rpst.: Long sword |    10 |    20 |     6 ||    36
